 Dungeon Crawl Stone Soup version 0.32-a0-329-ge6c31236d6 (webtiles) character file.

Game seed: 4583471975179064585

31585 oldriver the Fighter (level 13, -19/109 HPs)
             Began as a Demonspawn Conjurer on Feb 16, 2024.
             Was an Initiate of Gozag.
             Demolished by Snorg (23 damage)
             ... on level 3 of the Lair of Beasts.
             The game lasted 00:35:34 (20297 turns).

oldriver the Fighter (Demonspawn Conjurer)         Turns: 20297, Time: 00:35:35

Health: -19/109    AC: 11    Str: 12    XL:     13   Next: 26%
Magic:  29/37      EV: 12    Int: 28    God:    Gozag
Gold:   1964       SH:  0    Dex:  8    Spells: 24/35 levels left

rFire   + + +        H - +6 dagger "Fyileng" {drain, Str+4 Int+5 Dex-4}
rCold   . . .        (no shield)
rNeg    . . .        J - +0 robe {rF+}
rPois   +            l - +1 helmet
rElec   .            x - +1 cloak {rF+}
rCorr   .            (no gloves)
SInv    .            P - +0 pair of boots
Will    .....        (no amulet)
Stlth   +++          E - ring of poison resistance
HPRegen 0.38/turn    t - ring of magical power
MPRegen 0.50/turn

%: no passive effects
@: gold aura
A: molten scales 3, powered by pain 2, magic regeneration, weakness stinger 2
a: Renounce Religion, Potion Petition, Call Merchant, Bribe Branch


You were on level 3 of the Lair of Beasts.
You worshipped Gozag.
Gozag was most pleased with you.
You visited 3 branches of the dungeon, and saw 15 of its levels.
You also visited: Volcano.

You collected 2236 gold pieces.
You spent 55 gold pieces at shops.
You paid 217 gold pieces to Gozag.

Inventory:

Hand Weapons
 m - a +1 glaive of flaming
 q - a +4 scimitar of freezing
 H - the +6 dagger "Fyileng" (weapon) {drain, Str+4 Int+5 Dex-4}
   (You found it on level 10 of the Dungeon)

   Str+4:     It affects your strength (+4).
   Int+5:     It affects your intelligence (+5).
   Dex-4:     It affects your dexterity (-4).
Missiles
 v - 37 poisoned darts
Armour
 l - a +1 helmet (worn)
 x - a +1 cloak of fire resistance (worn)
 J - a +0 robe of fire resistance (worn)
 P - a +0 pair of boots (worn)
Jewellery
 h - a +5 ring of evasion
 t - a ring of magical power (right hand)
 D - a ring of magical power
 E - a ring of poison resistance (left hand)
 L - a ring of resist corrosion
 M - an amulet of guardian spirit
 Q - a +6 ring of strength
 R - a ring of see invisible
Wands
 d - a wand of charming (1)
 s - a wand of roots (32)
 y - a wand of light (12)
 F - a wand of digging (8)
 G - a wand of polymorph (6)
Scrolls
 a - a scroll of brand weapon
 g - a scroll of amnesia
 i - 7 scrolls of teleportation
 j - a scroll of torment
 o - 3 scrolls of vulnerability
 u - 5 scrolls of revelation
 z - a scroll of noise
 B - 2 scrolls of immolation
 C - 2 scrolls of enchant weapon
 O - 2 scrolls of identify
 S - a scroll of fog
Potions
 b - 2 potions of magic
 c - 7 potions of mutation
 f - 2 potions of might
 k - 2 potions of invisibility
 n - 2 potions of berserk rage
 p - a potion of cancellation
 r - 2 potions of attraction
 w - 3 potions of degeneration
 A - 2 potions of lignification
 K - a potion of curing
 N - a potion of resistance {unknown}
Miscellaneous
 I - a phantom mirror


   Skills:
 + Level 12.4 Fighting
 + Level 3.8 Dodging
 - Level 6.0 Stealth
 + Level 11.6 Spellcasting
 + Level 11.1 Conjurations
 + Level 6.7 Translocations
 - Level 4.0 Alchemy


You had 24 spell levels left.
You knew the following spells:

 Your Spells              Type           Power      Damage    Failure   Level
a - Magic Dart            Conj           100%       1d8       1%          1
b - Searing Ray           Conj           100%       2d8       1%          2
p - Fulminant Prism       Conj/Alch      27%        3d13      1%          4
z - Iskenderun's Mystic   Conj/Tloc      60%        2d13      1%          4

Your spell library contained the following spells:

 Spells                   Type           Power      Damage    Failure   Level
 Foxfire                  Conj/Fire      100%       2x1d9     1%          1
 Shock                    Conj/Air       100%       1d9       1%          1
 Blink                    Tloc           100%       N/A       1%          2
 Lesser Beckoning         Tloc           100%       N/A       1%          2
 Momentum Strike          Conj/Tloc      100%       3d10      1%          2
 Gell's Gravitas          Tloc           52%        N/A       1%          3
 Teleport Other           Tloc           52%        N/A       1%          3
 Manifold Assault         Tloc           52%        N/A       2%          4
 Necrotise                Necr           64%        1d7       3%          1
 Summon Small Mammal      Summ           64%        N/A       3%          1
 Dimensional Bullseye     Hex/Tloc       17%        N/A       9%          4
 Fugue of the Fallen      Necr           16%        N/A       11%         3
 Inner Flame              Hex/Fire       16%        N/A       11%         3
 Ozocubu's Armour         Ice            16%        N/A       11%         3
 Swiftness                Air            16%        N/A       11%         3
 Vampiric Draining        Necr           16%        2d7       11%         3
 Airstrike                Air            8%         2d(2-18)  34%         4
 Martyr's Knell           Necr/Summ      16%        N/A       34%         4
 Starburst                Conj/Fire      23%        6d8       47%         6
 Curse of Agony           Necr           16%        N/A       67%         5
 Plasma Beam              Fire/Air       8%         2x1d18    99%         6
 Dragon's Call            Summ           8%         N/A       100%        9


Dungeon Overview and Level Annotations

Branches:
Dungeon (11/15)            Temple (1/1) D:6            Lair (3/5) D:11
 Shoals (0/4) Lair:3          Orc (0/2) D:9         Volcano (visited)
  Snake: Lair:2-3    Spider: Lair:2-3

Altars:
Ashenzari
Cheibriados
Dithmenos
Fedhas
Gozag
Hepliaklqana
Kikubaaqudgha
Makhleb
Nemelex Xobeh
Okawaru
Qazlal
Ru
Sif Muna
Trog
Uskayaw
Vehumet
Wu Jian
Xom
Yredelemnul

Shops:
D:3 (   D:6 !!*   D:10 *

Portals:
Trove: D:10 (give 10 potions of heal wounds)

Annotations:
D:8 2 transporters
Lair:3 Snorg


Innate Abilities, Weirdness & Mutations

You are completely covered in molten scales. (AC +4, rF+)
You sometimes gain power by taking damage.
You regenerate magic rapidly.
You have a tail ending in a sharp stinger.


Message History

You erupt in a blast of force!
The mystic blast hits Snorg!
Snorg is moderately wounded.
Snorg is knocked back by the mystic blast.
You feel sick. The rime drake breathes ice at you.
The icy flash freeze hits you!!!
You focus on the pain.
You feel very mighty all of a sudden.
You are encased in ice.
Snorg rages.
The rime drake is distracted by your dazzling golden aura.
Snorg rages.
Casting: Iskenderun's Mystic Blast (mildly dangerous; 1% risk of failure)
Confirm with . or Enter, or press ? or * to list all spells.
You erupt in a blast of force!
The mystic blast hits Snorg!!
Snorg is heavily wounded.
Snorg is knocked back by the mystic blast.
The rime drake hisses angrily.
You feel sick.
You feel better. Snorg bites you!! Snorg claws you.
Snorg claws you but does no damage. Snorg bites you!
* * * LOW HITPOINT WARNING * * *
Snorg claws you!!
* * * LOW HITPOINT WARNING * * *
You focus on the pain.
You feel your power returning. Snorg completely misses you.
Blink to where?
Press: ? - help, Dir - move target
As you read the scroll of blinking, it crumbles to dust.
The ice encasing you melts away.
Okay, then.
Your magical effects are unravelling.
You feel magically purged.
You feel yourself speed up.
You feel a little less mighty now.
Snorg rages.
You see here a +1 demon whip of venom.
Snorg rages.
There is a stone staircase leading up here.
Snorg bites you!!
You die...
Your body crumbles into a pile of gold.

..##....# ##..#.###..## #.
.......## ###### #..# ##
##.##..# ##.## ### ####.##
#####..########.# ##..#
#####.#...###.......k #..P#
#P........# #.....#.. #...#
##.....#######....... #...#
##.....####.#...$.#.. #...#
#...@T)....k......... ##.##
###..........#......... ##.##
#.....##..######...##.. #P..#
###....#######.#...#... ##.##
#P.................... #.#
#.......#...#.........
#.######P...........#...#....
#^.>.........##.#.#<#..#.....
###.###.#...#######.#####....


You could see Snorg (berserk) and a rime drake.

Vanquished Creatures
  Gastronok (Lair:2)
  A boulder beetle (D:11)
  Erica (Lair:1)
  A death yak (D:11)
  Amaemon (Lair:3)
  A sun demon (Volcano)
  2 skysharks
  A harpy (Lair:3)
  2 ugly things (Volcano)
  2 cyclopes
  An orc sorcerer (Volcano)
  A manticore (D:11)
  A black mamba (Lair:1)
  Joseph (D:8)
  A molten gargoyle (Volcano)
  A guardian serpent (Lair:3)
  6 cane toads
  An orange demon (Lair:3)
  A gargoyle (D:11)
  Jeremiah (D:8)
  Maggie (D:8)
  A rime drake (Lair:1)
  5 komodo dragons
  2 red devils (Volcano)
  5 polar bears
  A hornet (D:8)
  15 blink frogs
  A slime creature (D:10)
  A shadow (D:9)
  8 fire bats
  25 yaks
  2 wyverns
  A wraith (D:11)
  2 basilisks
  3 vampire mosquitoes (D:11)
  2 steam dragons
  An acid dragon (D:11)
  13 water moccasins
  A hell hound (Volcano)
  8 black bears
  4 orc warriors
  14 wolves
  3 centaurs
  2 phantoms
  2 kobold brigands
  13 bullfrogs
  A gnoll sergeant (D:9)
  14 wights
  5 killer bees (D:11)
  3 howler monkeys
  2 electric eels (D:9)
  4 lava snakes (Volcano)
  A bombardier beetle (D:4)
  A jelly (D:6)
  4 orc priests
  2 hounds (D:6)
  2 iguanas
  A sleepcap (D:7)
  8 orc wizards
  A mummy (D:6)
  15 gnolls
  7 adders
  A shadow imp (D:7)
  2 white imps
  A dart slug (D:1)
  2 ribbon worms
  26 orcs
  5 bats
  8 endoplasms
  5 giant cockroaches
  12 goblins
  4 hobgoblins
  4 jackals (D:2)
  15 kobolds
  6 quokkas
  4 ball pythons
  4 frilled lizards
  2 hobgoblin zombies (D:6)
  2 orc zombies (D:6)
  6 rats
  A butterfly (D:6)
345 creatures vanquished.

Vanquished Creatures (others)
  30 fulminant prisms
30 creatures vanquished.

Grand Total: 375 creatures vanquished

Notes
Turn   | Place    | Note
-------+----------+-------------------------------------------
     0 | D:1      | oldriver the Demonspawn Conjurer began the quest for the
                  | Orb.
     0 | D:1      | Reached XP level 1. HP: 13/13 MP: 3/3
   123 | D:1      | Reached skill level 1 in Fighting
   123 | D:1      | Gained mutation: You are partially covered in molten
                  | scales. (AC +2) [demonic ancestry]
   123 | D:1      | Reached XP level 2. HP: 8/21 MP: 1/5
   608 | D:1      | Reached XP level 3. HP: 27/27 MP: 5/7
   811 | D:1      | Reached skill level 2 in Fighting
  1614 | D:2      | Gained mutation: You sometimes gain a little power by
                  | taking damage. [demonic ancestry]
  1614 | D:2      | Reached XP level 4. HP: 34/34 MP: 2/8
  2246 | D:2      | Reached skill level 3 in Fighting
  2410 | D:2      | Gained mutation: You regenerate magic rapidly. [demonic
                  | ancestry]
  2410 | D:2      | Reached XP level 5. HP: 41/41 MP: 6/10
  2548 | D:1      | Learned a level 2 spell: Searing Ray
  2893 | D:3      | Found a hazy altar of Hepliaklqana.
  2893 | D:3      | Found a stormy altar of Qazlal.
  2894 | D:3      | Found an iron altar of Okawaru.
  2991 | D:3      | Found Anytasom's Weapon Shop.
  3373 | D:3      | Found a faded altar of an unknown god.
  3604 | D:3      | Learned a level 4 spell: Fulminant Prism
  3609 | D:3      | Learned a level 4 spell: Iskenderun's Mystic Blast
  4056 | D:4      | Gained mutation: You are mostly covered in molten scales.
                  | (AC +3) [demonic ancestry]
  4056 | D:4      | Reached XP level 6. HP: 39/48 MP: 0/12
  4519 | D:5      | Entered Level 5 of the Dungeon
  4721 | D:5      | Reached skill level 1 in Translocations
  4783 | D:5      | Reached skill level 4 in Fighting
  5286 | D:5      | Reached XP level 7. HP: 54/54 MP: 2/13
  6043 | D:6      | Reached skill level 5 in Conjurations
  6067 | D:6      | Found Tamne's Distillery.
  6073 | D:6      | Bought a potion of degeneration for 10 gold pieces
  6232 | D:6      | Found Ciaxeso's General Store.
  6245 | D:6      | Bought a scroll of teleportation for 45 gold pieces
  6322 | D:6      | Reached skill level 5 in Spellcasting
  6395 | D:6      | Found Tenivy's Distillery.
  6395 | D:6      | Found Ulestrexe's Distillery.
  6429 | D:6      | You fall into a shaft and drop 1 floor!
  6474 | D:6      | Found a staircase to the Ecumenical Temple.
  6795 | D:7      | Noticed a steam dragon
  6920 | D:7      | Reached skill level 5 in Fighting
  6920 | D:7      | Reached XP level 8. HP: 62/62 MP: 15/15
  7537 | Temple   | Entered the Ecumenical Temple
  7933 | D:8      | Found a transporter.
  7935 | D:8      | Noticed Jeremiah
  8209 | D:8      | Reached skill level 5 in Stealth
  8408 | D:8      | Reached skill level 6 in Fighting
  8408 | D:8      | Gained mutation: You have a small tail. [demonic ancestry]
  8408 | D:8      | Reached XP level 9. HP: 69/69 MP: 12/18
  8470 | D:8      | Found a sparkling altar of Nemelex Xobeh.
  8604 | D:8      | Found a transporter.
  8788 | D:8      | Noticed Joseph
  8851 | D:8      | HP: 3/71 [Joseph/sling bullet (18)]
  8852 | D:8      | HP: 1/71 [Joseph/sling bullet (2)]
  8855 | D:8      | Killed Joseph
  9061 | D:8      | Found a basalt altar of Yredelemnul.
  9065 | D:8      | Noticed a death knight
  9071 | D:8      | Found an ancient bone altar of Kikubaaqudgha.
  9100 | D:8      | Noticed Maggie
  9113 | D:8      | Killed Maggie
  9114 | D:8      | Reached skill level 7 in Fighting
  9124 | D:8      | Killed Jeremiah
  9760 | D:9      | Gained mutation: You are completely covered in molten
                  | scales. (AC +4, rF+) [demonic ancestry]
  9760 | D:9      | Reached XP level 10. HP: 64/80 MP: 13/21
  9766 | D:9      | Reached skill level 8 in Fighting
 10532 | D:9      | Found a staircase to the Orcish Mines.
 11563 | D:10     | Entered Level 10 of the Dungeon
 11567 | D:10     | Found a portal to a secret trove of treasure.
 11728 | D:10     | Got the Codex of the Rallied Wyrd
 11836 | D:10     | Reached skill level 1 in Alchemy
 11884 | D:10     | Found a sacrificial altar of Ru.
 12287 | D:10     | Found a burning altar of Makhleb.
 12338 | D:10     | Found Tezourch's General Store.
 12359 | D:10     | Found a shadowy altar of Dithmenos.
 12367 | D:10     | Found an opulent altar of Gozag.
 12471 | D:10     | Became a worshipper of Gozag Ym Sagoz the Greedy
 12757 | D:10     | Identified the +1 scale mail of Hedging {Str+2 Int+3}
 12778 | D:10     | Noticed a cyclops
 12784 | D:10     | Killed a cyclops
 12785 | D:10     | Reached skill level 9 in Fighting
 12837 | D:10     | Identified the +6 dagger "Fyileng" {drain, Str+4 Int+5
                  | Dex-4}
 12995 | D:11     | Noticed a cyclops
 13194 | D:11     | Reached XP level 11. HP: 83/89 MP: 5/23
 13945 | D:11     | Noticed a boulder beetle
 13964 | D:11     | Killed a boulder beetle
 14256 | D:11     | Noticed a death yak
 14345 | D:11     | Found a staircase to the Lair.
 14404 | D:11     | Killed a death yak
 14405 | D:11     | Reached skill level 5 in Translocations
 15192 | Lair:1   | Entered Level 1 of the Lair of Beasts
 15205 | Lair:1   | Reached skill level 10 in Conjurations
 15236 | Lair:1   | Reached skill level 10 in Fighting
 15366 | Lair:1   | Found a dark tunnel.
 15375 | Volcano  | Entered a volcano
 15592 | Volcano  | Reached skill level 10 in Spellcasting
 15782 | Volcano  | Found a bloodstained altar of Trog.
 15782 | Volcano  | Noticed an orc sorcerer
 15782 | Volcano  | Noticed a sun demon
 15782 | Volcano  | Noticed a red ugly thing
 15792 | Volcano  | Killed a sun demon
 15792 | Volcano  | Killed an orc sorcerer
 15793 | Volcano  | Gained mutation: You have a tail ending in a sharp stinger.
                  | [demonic ancestry]
 15793 | Volcano  | Reached XP level 12. HP: 49/99 MP: 21/26
 16005 | Volcano  | Reached skill level 11 in Fighting
 16639 | Lair:1   | Noticed Erica
 16652 | Lair:1   | Killed Erica
 17718 | Lair:2   | Noticed Gastronok
 17727 | Lair:2   | Killed Gastronok
 17809 | Lair:2   | Reached skill level 12 in Fighting
 18871 | Lair:2   | Gained mutation: You sometimes gain power by taking damage.
                  | [demonic ancestry]
 18871 | Lair:2   | Reached XP level 13. HP: 108/108 MP: 28/28
 19398 | Lair:3   | Noticed Snorg
 19405 | Lair:3   | Noticed Amaemon
 19925 | Lair:3   | Found a staircase to the Shoals.
 20218 | Lair:3   | Killed Amaemon
 20290 | Lair:3   | HP: 1/109 [Snorg (18)]
 20297 | Lair:3   | Demolished by Snorg

Illustrated notes

Levels and vault maps discovered:
D:1:      giann_wishing_wells, layout_basic, minmay_pentomino_z2
D:2:      layout_loops_cross
D:3:      layout_basic, chequers_temple_overflow_statue_of_worship,
          dreamdust_ecumenical_altar_angels_and_demons, serial_shops, shop
D:4:      layout_loops_cross
D:5:      layout_basic, amcnicky_altar_gilded, kennysheep_boxes
D:6:      layout_loops_ring, minmay_temple_entry_butterflies, serial_shops,
          shop, shop, shop, shop, chequers_hall_statues_wall_a,
          minmay_mini_ossuary
D:7:      layout_basic
D:8:      layout_gridville, gammafunk_temple_of_torment,
          nemelex_diamond_rough_becter, uniq_jeremiah, uniq_joseph, uniq_maggie
D:9:      layout_roguey, orc_0_dummy, minivault_14, moated_statue
D:10:     minmay_wavy_crystal, layout_basic, nicolae_overflow_crystal_walls,
          mainiacjoe_overflow_surrounded_room,
          mainiacjoe_overflow_catwalk_spiral, serial_shops, shop, enter_trove_0
D:11:     layout_loops_ring, dpeg_lair_monsters
Temple:   hellmonk_temple_beads
Lair:1:   beast_lair_carwin_large_3, layout_chaotic_city,
          gauntlet_entry_generic, nicolae_volcano_entry_batcave,
          grunt_megastairs_4, uniq_erica
Lair:2:   layout_long_grid, beast_lair_carwin_6, uniq_gastronok
Lair:3:   layout_loops_ring, mainiacjoe_shoals_entry_four_pools,
          minmay_snake_entry_spellcaster, serial_bayou_lake_a, uniq_snorg,
          uniq_amaemon

Skill      XL: |  1  2  3  4  5  6  7  8  9 10 11 12 13 |
---------------+----------------------------------------+-----
Fighting       | 1 2 3 4 5 6 7 9 10 12 | 12.4
Spellcasting   | 3 4 5 6 7 8 10 11 | 11.6
Stealth        | 2 4 5 6 |  6.0
Dodging        | 2 3 |  3.8
Translocations | 1 2 3 4 5 6 |  6.7
Conjurations   | 5 6 8 9 10 11 | 11.1
Alchemy        | 2 4 |  4.0

Action                     |  1- 3 |  4- 6 |  7- 9 | 10-12 | 13-15 || total
---------------------------+-------+-------+-------+-------+-------++-------
  Melee: Dagger            |     5 |    43 |     7 |    35 |     9 ||    99
         Tailslap          |       |       |     1 |     9 |       ||    10
         Scimitar          |       |       |       |    12 |       ||    12
   Cast: Magic Dart        |    66 |   150 |    91 |   391 |    82 ||   780
         Searing Ray       |       |    15 |    54 |    77 |     8 ||   154
         Iskenderun's Myst |       |       |    22 |   176 |    33 ||   231
         Fulminant Prism   |       |       |       |    22 |     8 ||    30
  Evoke: Wand              |       |       |     5 |     2 |       ||     7
         Phantom mirror    |       |       |       |     1 |       ||     1
    Use: Scroll            |       |     7 |    13 |     3 |     1 ||    24
         Potion            |       |     3 |     4 |     2 |     2 ||    11
 Armour: Robe              |     6 |    53 |    71 |   187 |    54 ||   371
  Dodge: Dodged            |     4 |    50 |   108 |   176 |    39 ||   377

Table legend: (Time is in decaauts)
 A = Elapsed time spent in this place.
 B = Non-inter-level travel time spent in this place.
 C = Inter-level travel time spent in this place.
 D = Time resting spent in this place.
 E = Time spent auto-exploring this place.
 F = Levels seen in this place.
 G = Mean time per level.
                   A        B        C        D        E       F      G
               +--------+--------+--------+--------+--------+-----+--------+
         Total |  20371 |  18807 |   1564 |   4468 |  11146 |  16 | 1273.2 |
       Dungeon |  15498 |  14110 |   1388 |   3744 |   8303 |  11 | 1408.9 |
        Temple |      1 |      1 |      0 |      0 |      0 |   1 |    1.0 |
          Lair |   3993 |   3818 |    175 |    423 |   2475 |   3 | 1331.0 |
       Volcano |    878 |    878 |      0 |    301 |    367 |   1 |  878.0 |
               +--------+--------+--------+--------+--------+-----+--------+

Top non-repeatable levels by time:
     D:8: 2006 daAuts
     D:9: 1853 daAuts
    D:11: 1830 daAuts
  Lair:1: 1641 daAuts
     D:1: 1623 daAuts
    D:10: 1573 daAuts
  Lair:2: 1497 daAuts
     D:2: 1261 daAuts
     D:6: 1259 daAuts
     D:7: 1152 daAuts
     D:5: 1129 daAuts
     D:4: 947 daAuts
 Volcano: 878 daAuts
     D:3: 862 daAuts
  Lair:3: 854 daAuts
